 Dungeon Crawl Stone Soup version 0.23-a0-449-g8e4cbf7 (webtiles) character file.

1558 XanderDroid the Cleaver (level 8, -15/71 HPs)
             Began as a Hill Orc Fighter on Nov 21, 2018.
             Was a Follower of Beogh.
             Demolished by a two-headed ogre
             ... wielding a +0 giant club
              (22 damage)
             ... on level 6 of the Dungeon.
             The game lasted 00:22:08 (6049 turns).

XanderDroid the Cleaver (Hill Orc Fighter)          Turns: 6049, Time: 00:22:09

Health: -15/71     AC: 10    Str: 21    XL:     8   Next: 88%
Magic:  8/8        EV:  8    Int:  8    God:    Beogh [*.....]
Gold:   280        SH: 11    Dex: 10    Spells: 7/7 levels left

rFire    . . .     SeeInvis .   a - +0 war axe
rCold    + . .     Gourm    .   c - +1 shield
rNeg     . . .     Faith    .   b - +0 scale mail
rPois    .         Spirit   .   (no helmet)
rElec    .         Reflect  .   m - +0 cloak
rCorr    .         Harm     .   q - +0 pair of gloves
MR       .....                  (no boots)
Stlth    ..........             (no amulet)
HPRegen  0.21/turn              o - ring of protection from cold
MPRegen  0.11/turn              w - ring of flight

@: no status effects
A: no striking features
a: Renounce Religion, Evoke Flight


You were on level 6 of the Dungeon.
You worshipped Beogh.
Beogh was aware of your devotion.
You were not hungry.

You visited 2 branches of the dungeon, and saw 7 of its levels.

You collected 280 gold pieces.

Inventory:

Hand Weapons
 a - a +0 war axe (weapon)
Armour
 b - a +0 scale mail (worn)
 c - a +1 shield (worn)
 d - the +4 ring mail "Igguz" {MR+, unknown}
   (You found it on level 4 of the Dungeon)

   It affects your resistance to hostile enchantments.
 m - a +0 cloak (worn)
 q - a +0 pair of gloves (worn)
Jewellery
 o - a ring of protection from cold (left hand)
 w - a ring of flight (right hand)
Scrolls
 e - 2 scrolls of enchant armour
 g - a scroll of enchant weapon {unknown}
 j - a scroll of remove curse {unknown}
 n - 4 scrolls of teleportation
 r - a scroll of immolation {unknown}
 u - a scroll of fear {unknown}
 y - a scroll of magic mapping
Potions
 h - a potion of flight
 i - 2 potions of heal wounds
 k - a potion of magic
 l - a potion of might
 v - a potion of agility {unknown}
 x - 2 potions of curing
 z - a potion of lignification {unknown}
Comestibles
 f - 12 rations


   Skills:
 + Level 6.8 Fighting
 * Level 9.3 Axes
 + Level 6.2 Armour
 + Level 6.2 Shields


You had 7 spell levels left.
You didn't know any spells.
Your spell library contained the following spells:

 Spells                   Type           Power        Failure   Level  Hunger
 Confusing Touch          Hex            #.....       98%         1    ##.....
 Confuse                  Hex            #.......     100%        3    ####...
 Gell's Gravitas          Tloc           #.........   100%        3    ####...
 Petrify                  Tmut/Erth      #.......     100%        4    #####..
 Metabolic Englaciation   Hex/Ice        #.........   100%        5    ######.
 Yara's Violent Unravell  Hex/Tmut       #.........   100%        5    ######.


Dungeon Overview and Level Annotations

Branches:
Dungeon (6/15)             Temple (1/1) D:4

Altars:
Fedhas
Gozag
Kikubaaqudgha
Ru
Beogh

Annotations:
D:6 1 transporter


Message History

The two-headed ogre hits you with a +0 giant club.
The two-headed ogre hits you with a +0 giant club!
* * * LOW HITPOINT WARNING * * *
The hornet zombie hits you but does no damage.
It was a potion of curing.
You feel better. You block the hornet zombie's attack.
The two-headed ogre hits you with a +0 giant club!
* * * LOW HITPOINT WARNING * * *
The two-headed ogre closely misses you.
You feel much better.
The hornet zombie hits you but does no damage.
The two-headed ogre hits you with a +0 giant club!!
* * * LOW HITPOINT WARNING * * *
The two-headed ogre barely misses you. The hornet zombie closely misses you.
You slash the hornet zombie!
The hornet zombie is almost destroyed.
You slash the two-headed ogre! You block the hornet zombie's attack.
The two-headed ogre hits you but does no damage.
The two-headed ogre hits you with a +0 giant club!!
You die...

######...# #.......
....8##..# #.#####.
!.....#..########.#####.
.©..#(#...........##....
...#..#.#.#######.##.##.
......#...# #.##.##.
...#..#5### ##.......
....#l#O# #...#.###
($%$Wl#@# #.#......
_._$8##Z# ## #........
######... .. ##.......
.©......## #.##....O..
...####.# #..........
#.# #.# ###<...... #.
... #....... #.#
#....... ######.#


You could see a two-headed ogre, a shadow, 2 iguanas, a crimson imp and a hornet
zombie.

Vanquished Creatures
  Grinder (D:4)
  A phantom (D:5)
  4 ogres
  The ghost of galech the Skirmisher, an amateur DsFi (D:2)
  2 centaurs (D:5)
  A bullfrog (D:5)
  A scorpion (D:4)
  A crimson imp (D:5)
  A bullfrog zombie (D:5)
  A bullfrog skeleton (D:4)
  An orc priest (D:5)
  3 hounds
  An iguana (D:3)
  An orc wizard (D:5)
  2 worker ants (D:4)
  2 hound skeletons (D:4)
  A howler monkey skeleton (D:6)
  9 adders
  A shadow imp (D:5)
  2 oozes
  2 adder skeletons (D:4)
  3 worms
  2 dart slugs
  8 leopard geckos
  21 orcs
  5 giant cockroaches
  6 goblins
  6 hobgoblins
  4 jackals (D:3)
  6 kobolds
  4 quokkas
  4 ball pythons
  11 bats
  4 frilled lizards
  A leopard gecko skeleton (D:4)
  A leopard gecko zombie (D:5)
  A quokka zombie (D:5)
  15 rats
141 creatures vanquished.

Notes
Turn   | Place    | Note
-------+----------+-------------------------------------------
     0 | D:1      | XanderDroid the Hill Orc Fighter began the quest for the
                  | Orb.
     0 | D:1      | Reached XP level 1. HP: 19/19 MP: 1/1
    90 | D:1      | Reached skill level 3 in Axes
   150 | D:1      | Reached XP level 2. HP: 18/27 MP: 2/2
   781 | D:2      | Noticed an ogre
   786 | D:2      | Killed an ogre
   786 | D:2      | Reached skill level 4 in Axes
   786 | D:2      | Reached XP level 3. HP: 19/34 MP: 3/3
   786 | D:2      | Reached XP level 4. HP: 23/41 MP: 4/4
  1036 | D:2      | Reached XP level 5. HP: 47/47 MP: 5/5
  1530 | D:2      | Reached skill level 5 in Axes
  2128 | D:3      | Noticed galech's ghost (amateur DsFi)
  2139 | D:3      | Found a runed gate.
  2189 | D:3      | Found a runed gate.
  2190 | D:3      | Found a runed gate.
  2224 | D:3      | Found a roughly hewn altar of Beogh.
  2444 | D:3      | Reached XP level 6. HP: 51/53 MP: 6/6
  3094 | D:4      | Reached skill level 5 in Fighting
  3094 | D:4      | Reached skill level 6 in Axes
  3337 | D:4      | Reached XP level 7. HP: 61/61 MP: 7/7
  3627 | D:4      | Found an ancient bone altar of Kikubaaqudgha.
  3633 | D:4      | Noticed Grinder
  3660 | D:4      | Killed Grinder
  3660 | D:4      | Reached skill level 7 in Axes
  3660 | D:4      | Reached skill level 5 in Armour
  3660 | D:4      | Reached skill level 5 in Shields
  3737 | D:4      | Got a smelly ring mail
  4255 | D:4      | Found a staircase to the Ecumenical Temple.
  4272 | Temple   | Entered the Ecumenical Temple
  4457 | D:2      | Killed galech's ghost
  4523 | D:3      | Became a worshipper of Beogh the Brigand
  4602 | D:5      | Entered Level 5 of the Dungeon
  4645 | D:5      | Reached XP level 8. HP: 46/70 MP: 8/8
  4839 | D:5      | Reached skill level 8 in Axes
  5745 | D:5      | Reached skill level 9 in Axes
  5804 | D:5      | Reached * piety under Beogh
  5913 | D:6      | Noticed a two-headed ogre
  6032 | D:6      | Found a sacrificial altar of Ru.
  6033 | D:6      | Found a transporter.
  6034 | D:6      | Found a blossoming altar of Fedhas.
  6034 | D:6      | Noticed a shadow
  6049 | D:6      | Demolished by a two-headed ogre

Vault maps used:
D:1:      dpeg_arrival_tiny_h
D:2:      minmay_misc_feat_secret_circle
D:3:      biasface_ghost_orc_armoury, nrook_loot_triangle
D:4:      minmay_bubble_buster, kiku_gazebo_garden_becter,
          minmay_temple_entry_poolview, first_ration, uniq_grinder
D:6:      cheibrodos_barr_body, lemuel_doored_altar,
          gammafunk_temple_overflow_arena
Temple:   minmay_crystal_spiral_temple

Skill      XL: |  1  2  3  4  5  6  7  8 |
---------------+-------------------------+-----
Axes           | 3 4 5 6 7 9 |  9.3
Fighting       | 4 5 6 |  6.8
Armour         | 4 5 6 |  6.2
Shields        | 4 5 6 |  6.2

Action                   |  1- 3 |  4- 6 |  7- 9 || total
-------------------------+-------+-------+-------++-------
Melee: War axe           |    44 |   238 |   200 ||   482
  Use: Scroll            |       |       |    10 ||    10
       Potion            |       |       |     3 ||     3
  Eat: Chunk             |       |     8 |     6 ||    14
       Ration            |       |       |     1 ||     1
Armor: Scale mail        |    19 |   109 |    73 ||   201
Dodge: Dodged            |    15 |    76 |    63 ||   154
Block: Shield            |    28 |   118 |   116 ||   262

Table legend:
 A = Non-vault XP
 B = Vault XP
 C = Vault XP percentage of total XP
 D = Non-vault monster count
 E = Vault monster count
 F = Vault count percentage of total count
                 A         B        C        D         E       F
            +---------+---------+-------+---------+---------+-------
      Total |    1659 |     567 |  25.5 |     123 |      18 |  12.8
            +---------+---------+-------+---------+---------+-------
        D:1 |      30 |       0 |   0.0 |      20 |       0 |   0.0
        D:2 |     210 |     121 |  36.6 |      29 |       3 |   9.4
        D:3 |     117 |      15 |  11.4 |      27 |       5 |  15.6
        D:4 |     271 |     431 |  61.4 |      13 |      10 |  43.5
        D:5 |    1001 |       0 |   0.0 |      31 |       0 |   0.0
        D:6 |      30 |       0 |   0.0 |       3 |       0 |   0.0
            +---------+---------+-------+---------+---------+-------
